 Dungeon Crawl Stone Soup version 0.19-GnollCrawlA-1-g03664ee (webtiles) character file.

338 BlinkFrog the Skirmisher (level 1, -6/19 HPs)
             Began as a Centaur Berserker on Sept 3, 2016.
             Was a Believer of Trog.
             Mangled by a gnoll
             ... wielding a +0 halberd of freezing
              (12 damage)
             ... on level 2 of the Dungeon.
             The game lasted 00:11:45 (2614 turns).

BlinkFrog the Skirmisher (Centaur Berserker)        Turns: 2614, Time: 00:11:45

Health: -6/19      AC:  5    Str: 19    XL:     1   Next: 0%
Magic:  1/1        EV:  3    Int:  6    God:    Trog [**....]
Gold:   56         SH:  0    Dex:  8    Spells: 0 memorised, 0 levels left

rFire  . . .     SeeInvis .     a - +0 spear
rCold  . . .     Gourm    .     c - +0 ring mail
rNeg   . . .     Faith    .     (no shield)
rPois  .         Spirit   .     (no helmet)
rElec  .         Dismiss  .     (no cloak)
rCorr  .         Reflect  .     (no gloves)
SustAt .         Harm     .     (no barding)
MR     .....                    (no amulet)
Stlth  ..........               (no ring)
                                (no ring)

@: exhausted, slowed
A: hooves 3, deformed body, speed 2, tough skin 3
a: Berserk, Trog's Hand, Burn Spellbooks, Renounce Religion


You were on level 2 of the Dungeon.
You worshipped Trog.
Trog was pleased with you.
You were completely stuffed.

You visited 1 branch of the dungeon, and saw 2 of its levels.

You collected 56 gold pieces.

Inventory:

Hand Weapons
 a - a +0 spear (weapon)
Missiles
 e - 12 poisoned needles
 i - 44 stones (quivered)
Armour
 c - a +0 ring mail (worn)
   (You found it on level 1 of the Dungeon)
Scrolls
 b - a scroll of teleportation {unknown}
 d - a scroll of fear {unknown}
 j - 2 scrolls of identify {unknown}
Potions
 f - a potion of brilliance {unknown}
 g - a potion of agility {unknown}
 h - a potion of heal wounds {unknown}


   Skills:
 + Level 3.0 Fighting
 + Level 2.6 Polearms
 + Level 1.3 Armour
 + Level 1.3 Dodging


You couldn't memorise any spells.
You didn't know any spells.

Dungeon Overview and Level Annotations

Branches:
Dungeon (2/15)             Temple (0/1) D:1

Altars:


Innate Abilities, Weirdness & Mutations

You have hooves in place of feet.
Armour fits poorly on your strangely shaped body.
You cover ground very quickly.
You have extremely tough skin. (AC +3)


Message History

You reach to attack!
You puncture the gnoll!
You kill the gnoll!
Trog accepts your kill.
You hear a shout!
No target in view!
No target in view!
i - 44 stones (gained 22)
A gnoll comes into view. It is wielding a halberd of freezing.
You feel your anger gnoll.
You are no longer berserk.
You pass out from exhaustion.
You feel yourself slow down.
The gnoll hits you from afar with a halberd of freezing!
The gnoll freezes you.
* * * LOW HITPOINT WARNING * * *
You can move again.
There is a stone staircase gnoll up here.
The gnoll hits you from afar with a halberd of freezing!
Ouch! That really hurt!
You die...

#................
##.##.#.####.#.#..
##..[#.#.# #......
####.)....#.# #.###.#
#g)..)......# #.# #.#
.....#......##.####†###.#
...♣ #.#g..###......))..#
.. #.#..## #.########..
#.#@## #.# ### #....##
#.# #.#.#)# #.#
#.........# #.#.#.#####
##...## ....# .###.# # #.


You could see a gnoll.

Vanquished Creatures
  34 gnolls
34 creatures vanquished.

Notes
Turn   | Place    | Note
-------+----------+-------------------------------------------
     0 | D:1      | BlinkFrog the Centaur Berserker began the quest for the Orb.
     0 | D:1      | Reached XP level 1. HP: 19/19 MP: 1/1
   838 | D:1      | Found a staircase to the Ecumenical Temple.
  2296 | D:2      | Reached ** piety under Trog
  2614 | D:2      | Mangled by a gnoll

Action                   || total
-------------------------++-------
Melee: Spear             ||   148
       Kick              ||     4
Invok: Berserk           ||    16
  Eat: Bread ration      ||     2
Armor: Ring mail         ||     3
       Animal skin       ||     2
Dodge: Dodged            ||    14

Table legend:
 A = Turns spent in this place as a percentage of turns spent in the entire game.
 B = Non-inter-level travel turns spent in this place as a percentage of non-inter-level travel turns spent in the entire game.
 C = Inter-level travel turns spent in this place as a percentage of turns spent in this place.
 D = Turns resting spent in this place as a percentage of non-inter-level travel turns spent in this place.
 E = Turns spent auto-exploring this place as a percentage of non-inter-level travel turns spent in this place.
 F = Non-inter-level travel turns spent in this place divided by the number of levels of this place that you've seen.
                   A       B       C       D       E      F
               +-------+-------+-------+-------+-------+----------------------
         Total | 100.0 | 100.0 |   0.3 |  11.1 |   6.2 | 444.5
       Dungeon | 100.0 | 100.0 |   0.3 |  11.1 |   6.2 | 444.5
               +-------+-------+-------+-------+-------+----------------------
Skills: + Level 3.0 Fighting + Level 2.6 Polearms + Level 1.3 Armour + Level 1.3 Dodging You couldn't memorise any spells. You didn't know any spells. Dungeon Overview and Level Annotations Branches: Dungeon (2/15) Temple (0/1) D:1 Altars: Innate Abilities, Weirdness & Mutations You have hooves in place of feet. Armour fits poorly on your strangely shaped body. You cover ground very quickly. You have extremely tough skin. (AC +3)
